 Dungeon Crawl Stone Soup version 0.21-a0-442-g848f44b (webtiles) character file.

27 tof the Skirmisher (level 2, 1/24 HPs)
             Began as a Demonspawn Monk on Nov 13, 2017.
             Quit the game on level 2 of the Dungeon on Nov 14, 2017.
             The game lasted 00:02:23 (924 turns).

tof the Skirmisher (Demonspawn Monk)                 Turns: 924, Time: 00:02:23

Health: 1/24       AC:  3    Str: 11    XL:     2   Next: 93%
Magic:  0/2        EV: 18    Int: 11    God:
Gold:   29         SH:  0    Dex: 20    Spells: 1/1 levels left

rFire    + . .     SeeInvis .   a - +0 falchion
rCold    + . .     Gourm    .   (no shield)
rNeg     . . .     Faith    .   i - +0 leather armour
rPois    +         Spirit   +   (no helmet)
rElec    +         Reflect  .   (no cloak)
rCorr    +         Harm     .   (no gloves)
MR       .....                  (no boots)
Stlth    +++.......             (no amulet)
HPRegen  0.08/turn              (no ring)
MPRegen  0.08/turn              (no ring)

@: agile, lethally poisoned (1 -> -6), resistant
A: magic shield
a: no special abilities


You were on level 2 of the Dungeon.
You were not hungry.

You visited 1 branch of the dungeon, and saw 2 of its levels.

You collected 29 gold pieces.

Inventory:

Hand Weapons
 a - a +0 falchion (weapon)
 h - a +3 hunting sling of velocity
Armour
 b - a +0 robe
 i - a +0 leather armour (worn)
Scrolls
 d - a scroll of enchant armour
 k - 2 scrolls of remove curse
Potions
 g - a potion of agility
Comestibles
 c - 2 bread rations
 l - a royal jelly


   Skills:
 + Level 3.2 Fighting
 * Level 3.2 Long Blades
 + Level 0.8 Armour
 + Level 2.9 Dodging
 - Level 1.7 Stealth


You had one spell level left.
You didn't know any spells.

Dungeon Overview and Level Annotations

Branches:
Dungeon (2/15)

Altars:


Innate Abilities, Weirdness & Mutations

When hurt, damage is shared between your health and your magic reserves.


Message History

The adder bites you.
Okay, then.
As you read the scroll labeled RERHOT YRAT, it crumbles to dust.
You feel blessed for a moment.
It was a scroll of remove curse.
The adder closely misses you.
You riposte.
You hit the adder.
The adder is moderately wounded.
As you read the scroll labeled YROIBB QOMU, it crumbles to dust.
It is a scroll of amnesia.
You feel forgetful for a moment.
* * * LOW HITPOINT WARNING * * *
You feel sick. The adder closely misses you.
You riposte.
You hit the adder.
The adder is severely wounded.
As you read the scroll labeled IRAOGACVEG, it crumbles to dust.
It is a scroll of identify.
d - a scroll of enchant armour
* * * LOW HITPOINT WARNING * * *
You feel sick. The adder closely misses you.
You riposte.
You barely miss the adder.
The adder is severely wounded.
Are you sure you want to abandon this character and quit the game? (Confirm with "yes".)

## ##### . #.
#... .#.####.##
. >.......###
....###.(.......
.......@.....#
...###S#....<#
#.#.....#
..#.....#
####.....#
#.....# #.....#
#.....# #######


You could see an adder.

Vanquished Creatures
  A dart slug (D:1)
  A giant cockroach (D:1)
  4 hobgoblins (D:1)
  3 bats (D:1)
  4 frilled lizards (D:1)
  4 goblins (D:1)
  8 kobolds (D:1)
  A rat (D:1)
26 creatures vanquished.

Notes
Turn   | Place    | Note
-------+----------+-------------------------------------------
     0 | D:1      | tof the Demonspawn Monk began the quest for the Orb.
     0 | D:1      | Reached XP level 1. HP: 18/18 MP: 1/1
   177 | D:1      | Gained mutation: When hurt, damage is shared between your health and your magic reserves. [demonic ancestry]
   177 | D:1      | Reached XP level 2. HP: 14/24 MP: 2/2
   923 | D:2      | HP: 1/24 [poisoned by an adder]
   924 | D:2      | Quit the game

Vault maps used:
D:1:      dpeg_arrival_round_c
D:2:      lemuel_crystal_altar

Skill      XL: |  1  2 |
---------------+-------+-----
Long Blades    | 3 |  3.2
Fighting       | |  3.2
Armour         | |  0.8
Dodging        | |  2.9
Stealth        | |  1.7

Action                   || total
-------------------------++-------
Melee: Falchion          ||    60
  Use: Scroll            ||     3
       Potion            ||     2
 Stab: Sleeping          ||     4
       Distracted        ||     1
Armor: Robe              ||     4
       Leather armour    ||     4
Dodge: Dodged            ||    56
       Rpst.: Falchion   ||    18

Table legend:
 A = Spawn XP
 B = Non-spawn XP
 C = Spawn XP percentage of total XP
 D = Spawn monster count
 E = Non-spawn monster count
 F = Spawn count percentage of total count
 G = Total turns spent on level
                    A         B        C        D         E        F      G
               +---------+---------+-------+---------+---------+-------+---------
         Total |       0 |      39 |   0.0 |       0 |      26 |   0.0 |   924
               +---------+---------+-------+---------+---------+-------+---------
           D:1 |       0 |      39 |   0.0 |       0 |      26 |   0.0 |   896
               +---------+---------+-------+---------+---------+-------+---------
